 Dungeon Crawl Stone Soup version 0.30-a0-956-gcec3b41aec (webtiles) character file.

Game seed: 7121761587922323572

28550 cforsyth the Bludgeoner (level 13, -2/108 (114) HPs)
             Began as a Formicid Fighter on Mar 29, 2023.
             Was an Elder of Ru.
             Slain by a skyshark (5 damage)
             ... on level 1 of the Lair of Beasts.
             The game lasted 00:37:16 (24139 turns).

cforsyth the Bludgeoner (Formicid Fighter)         Turns: 24139, Time: 00:37:16

HP:   -2/108 (114)  AC: 20    Str: 24    XL:     13   Next: 74%
MP:   4/4           EV:  6    Int:  8    God:    Ru [****..]
Gold: 1035          SH: 13    Dex: 21    Spells: 12/12 levels left

rFire   + . .      SeeInvis +    K - +2 war axe of Makhleb, Bashing {vamp, Fragile rF+ rC++ rN+}
rCold   + + .      Faith    .    F - +0 kite shield
rNeg    + + .      Spirit   .    l - +0 plate armour
rPois   +          Reflect  .    (helmet unavailable)
rElec   .          Rampage  .    G - +2 ratskin cloak {*Rats rPois rN+ Str-1 Int-1 Dex+1}
rCorr   .                        J - +0 pair of gloves
Will    +++..                    b - +0 pair of boots "Ynio" {Will++ MP-9 Dex+7} Stlth
                                 (no amulet)
HPRegen 0.38/turn                H - ring of flight
MPRegen 0.09/turn                (no ring)

@: exhausted, flying, drained
A: permanent stasis, dig shafts and tunnels, antennae 3, inability to use
devices, inability to train dodging, disrupted magic 1, four strong arms
a: Dig, Shaft Self, Renounce Religion, Sacrifice Arcana, Sacrifice Words,
Sacrifice Stealth, Reject Sacrifices, Draw Out Power, Power Leap


You were on level 1 of the Lair of Beasts.
You worshipped Ru.
Ru was greatly pleased with you.
You visited 3 branches of the dungeon, and saw 15 of its levels.
You also visited: Bailey.

You collected 1035 gold pieces.

Inventory:

Hand Weapons
 a - a +1 flail of venom
 A - a +10 arbalest
 K - the +2 war axe of Makhleb, Bashing (weapon) {vamp, Fragile rF+ rC++ rN+}
   (You found it on level 9 of the Dungeon)

   rF:        It protects you from fire.
   rC:        It greatly protects you from cold.
   rN:        It protects you from negative energy.
   Fragile:   It will be destroyed if unequipped.
Armour
 b - the +0 pair of boots "Ynio" (worn) {Will++ MP-9 Dex+7}
   (You acquired it in a bailey)

   Dex:       It affects your dexterity (+7).
   MP:        It affects your magic capacity (-9).
   Will:      It greatly increases your willpower.
 c - a +0 buckler
 l - a +0 plate armour (worn)
 D - a +0 pair of boots of flying
 F - a +0 kite shield (worn)
 G - the +2 ratskin cloak (worn) {*Rats rPois rN+ Str-1 Int-1 Dex+1}
   (You found it on level 7 of the Dungeon)

   *Rats:     When the wearer is hurt, rats may emerge from it to assist them.
   Str:       It affects your strength (-1).
   Int:       It affects your intelligence (-1).
   Dex:       It affects your dexterity (+1).
   rPois:     It protects you from poison.
   rN:        It protects you from negative energy.
 J - a +0 pair of gloves (worn)
Jewellery
 i - a ring of ice
 n - an amulet of guardian spirit
 H - a ring of flight (left hand)
Scrolls
 g - a scroll of poison
 j - a scroll of immolation {unknown}
 m - 2 scrolls of enchant weapon
 p - a scroll of summoning {unknown}
 r - 2 scrolls of blinking {unknown}
 u - 3 scrolls of fear
 v - 5 scrolls of fog
 w - a scroll of brand weapon
 y - a scroll of acquirement
 B - 2 scrolls of magic mapping
 L - 2 scrolls of vulnerability {unknown}
 M - a scroll of identify
Potions
 d - 3 potions of might
 e - 3 potions of ambrosia {unknown}
 f - 7 potions of curing
 h - 4 potions of attraction
 k - a potion of degeneration {unknown}
 o - 2 potions of mutation
 q - 2 potions of resistance
 s - a potion of experience
 t - a potion of magic {unknown}
 x - a potion of haste {unknown}
 z - 5 potions of heal wounds
 C - a potion of flight {unknown}
 E - a potion of berserk rage {unknown}
 I - 2 potions of cancellation


   Skills:
 + Level 14.5 Fighting
 - Level 15.0 Maces & Flails
 + Level 9.0 Armour
 + Level 10.6 Shields


You had 12 spell levels left.
You didn't know any spells.
Your spell library contained the following spells:

 Spells                   Type           Power      Damage    Failure   Level
 Apportation              Tloc           0%         N/A       100%        1
 Foxfire                  Conj/Fire      0%         2x1d2     100%        1
 Kiss of Death            Conj/Necr      0%         2d5       100%        1
 Sandblast                Erth           0%         2d4       100%        1
 Summon Small Mammal      Summ           0%         N/A       100%        1
 Passwall                 Tmut/Erth      0%         N/A       100%        2
 Call Canine Familiar     Summ           0%         N/A       100%        3
 Confusing Touch          Hex            0%         N/A       100%        3
 Ignite Poison            Fire/Tmut/Pois 0%         N/A       100%        3
 Kindle Blastsparks       Fire/Tloc/Air  0%         2d10      100%        3
 Stone Arrow              Conj/Erth      0%         3d7       100%        3
 Summon Guardian Golem    Hex/Summ       0%         N/A       100%        3
 Animate Armour           Summ/Erth      0%         N/A       100%        4
 Dispel Undead            Necr           0%         3d6       100%        4
 Summon Lightning Spire   Summ/Air       0%         N/A       100%        4
 Alistair's Intoxication  Tmut/Pois      0%         N/A       100%        5
 Fireball                 Conj/Fire      0%         3d3       100%        5
 Freezing Cloud           Conj/Ice/Air   0%         6-21      100%        5
 Summon Forest            Summ/Tloc      0%         N/A       100%        5
 Eringya's Noxious Bog    Tmut/Pois      0%         N/A       100%        6
 Simulacrum               Ice/Necr       0%         N/A       100%        6
 Starburst                Conj/Fire      0%         6d3       100%        6
 Malign Gateway           Summ/Tloc      0%         N/A       100%        7
 Storm Form               Tmut/Air       0%         N/A       100%        7
 Summon Hydra             Summ           0%         N/A       100%        7
 Lehudib's Crystal Spear  Conj/Erth      0%         10d2      100%        8
 Maxwell's Capacitive Co  Air            0%         ∞         100%        8
 Summon Horrible Things   Summ           0%         N/A       100%        8
 Polar Vortex             Ice            0%         N/A       100%        9


Dungeon Overview and Level Annotations

Branches:
Dungeon (12/15)            Temple (1/1) D:5            Lair (2/5) D:9
    Orc (0/2) D:11         Bailey (visited)
  Swamp: Lair:2-3    Shoals: Lair:2-3     Snake: Lair:2-3    Spider: Lair:2-3

Altars:
Ashenzari
Cheibriados
Dithmenos
Elyvilon
Fedhas
Gozag
Hepliaklqana
Kikubaaqudgha
Makhleb
Nemelex Xobeh
Okawaru
Qazlal
Ru
Sif Muna
Trog
Uskayaw
Vehumet
Wu Jian
Xom
Yredelemnul
Zin
The Shining One

Shops:
D:4 =   D:7 :   D:11 **

Annotations:
D:4 2 transporters, soul19's ghost, amateur DsFi
D:5 1 runed translucent door, Darius099's ghost, novice MiFi


Innate Abilities, Weirdness & Mutations

You cannot be hasted, slowed, berserked, paralysed or teleported.
You can dig through walls and to a lower floor.
You have a pair of large antennae on your head. (SInv)
You cannot study or use magical devices.
You cannot train Dodging skill.
Your casting is slightly disrupted.
Your four strong arms can wield two-handed weapons with a shield.


Message History

The skyshark is moderately wounded.
You block the skyshark's attack. The skyshark barely misses you.
The skyshark tail-slaps you but does no damage.
Your river rat barely misses the skyshark.
Unknown command.
You completely miss the skyshark.
The skyshark is moderately wounded.
The skyshark bites you.
* * * LOW HITPOINT WARNING * * *
A river rat scurries out from under your cloak.
The skyshark tail-slaps you!
* * * LOW HITPOINT WARNING * * *
You block the skyshark's attack.
The skyshark bites you but does no damage.
The skyshark tail-slaps you but does no damage.
You block the skyshark's attack.
Your river rat closely misses the skyshark.
You are restored by drawing out deep reserves of power within.
You feel drained. The skyshark bites you!
* * * LOW HITPOINT WARNING * * *
The skyshark tail-slaps you.
* * * LOW HITPOINT WARNING * * *
The skyshark completely misses you.
Your river rat bites the skyshark.
Your river rat closely misses the skyshark.
You barely miss the skyshark.
The skyshark is moderately wounded.
The skyshark bites you!!
* * * LOW HITPOINT WARNING * * *
A river rat scurries out from under your cloak.
The skyshark tail-slaps you but does no damage. x2
The skyshark bites you.
* * * LOW HITPOINT WARNING * * *
You block the skyshark's attack. The skyshark tail-slaps you.
* * * LOW HITPOINT WARNING * * *
Your river rat bites the skyshark but does no damage.
Your river rat bites the skyshark!
Unknown command.
Unknown command.
The skyshark barely misses you. The skyshark tail-slaps you.
You die...

### ####P#### ###
####....r>@###.###
#..#....rlr......##
##..#.......####...##
#....######## ##...#
##...# #..#### #...#
##..#.# ###
#...####### #...##
..## #.........####
##...# ### ...##
#............#
#...###P##


You could see a skyshark (berserk, ally target) and 3 friendly river rats.

Vanquished Creatures
  Fannar (D:10)
  5 two-headed ogres
  Nergalle (D:12)
  An orc sorcerer (Bailey)
  3 manticores
  A black mamba (Lair:1)
  Maurice (D:11)
  2 unseen horrors
  4 cane toads
  3 unseen horror zombies (D:9)
  3 kobold demonologists
  3 komodo dragons
  2 trolls
  A polar bear (Lair:1)
  2 shadows (D:12)
  A wyvern (Lair:1)
  44 yaks
  2 basilisks (Lair:1)
  3 steam dragons
  4 water moccasins
  An acid dragon (D:11)
  20 orc warriors
  3 black bears
  4 ogres
  2 centaurs
  3 wolves (Lair:1)
  2 phantoms (D:5)
  5 kobold brigands
  3 bullfrogs
  3 scorpions (D:4)
  A wyvern zombie (D:9)
  11 wights
  10 killer bees
  10 howler monkeys
  5 electric eels (Bailey)
  3 centaur zombies (D:9)
  2 gnoll boudas
  2 jellies
  13 orc priests
  2 hounds
  A sleepcap (D:5)
  Terence (D:2)
  An iguana (D:6)
  11 orc wizards
  2 hell rats (D:7)
  4 howler monkey zombies (D:9)
  7 adders
  12 gnolls
  24 river rats
  4 white imps
  An ufetubus (D:5)
  6 dart slugs
  63 orcs
  14 bats
  6 endoplasms
  3 giant cockroaches
  17 goblins
  10 hobgoblins
  12 jackals
  7 quokkas
  8 ball pythons
  3 frilled lizards
  6 kobolds
  2 rats (D:1)
  A spectral orc (D:10)
418 creatures vanquished.

Vanquished Creatures (collateral kills)
  Urug (D:11)
  A cane toad (Lair:1)
  2 trolls
  2 yaks (D:12)
  5 orc warriors
  2 black bears (Lair:1)
  2 wights (D:9)
  3 electric eels (Bailey)
  2 orc priests
  An orc wizard (D:8)
  A gnoll (Bailey)
  4 orcs
  A goblin (Bailey)
  A hobgoblin (Bailey)
28 creatures vanquished.

Vanquished Creatures (others)
  A cyclops (D:12)
  An unseen horror zombie (D:9)
  A cane toad (Lair:2)
  An acid dragon (D:10)
  A gnoll sergeant (D:11)
  A howler monkey (D:9)
  An orc wizard (D:8)
  A gnoll (D:11)
  An orc (Bailey)
  A hobgoblin (Bailey)
  2 fungi
  41 plants
  3 withered plants (D:9)
56 creatures vanquished.

Grand Total: 502 creatures vanquished

Notes
Turn   | Place    | Note
-------+----------+-------------------------------------------
     0 | D:1      | cforsyth the Formicid Fighter began the quest for the Orb.
     0 | D:1      | Reached XP level 1. HP: 18/18 MP: 1/1
    29 | D:1      | Noticed a swamp worm
    29 | D:1      | Noticed a water moccasin
    30 | D:1      | Noticed a polar bear
    30 | D:1      | Noticed a five-headed hydra
    59 | D:1      | Reached XP level 2. HP: 15/24 MP: 2/2
   503 | D:1      | Found a faded altar of an unknown god.
   508 | D:1      | Reached XP level 3. HP: 23/30 MP: 3/3
   550 | D:1      | Reached skill level 3 in Maces & Flails
  1166 | D:2      | Noticed Terence
  1171 | D:2      | Killed Terence
  1172 | D:2      | Reached XP level 4. HP: 30/37 MP: 4/4
  1415 | D:2      | Reached skill level 4 in Maces & Flails
  1575 | D:2      | Reached XP level 5. HP: 42/42 MP: 5/5
  2084 | D:3      | Reached XP level 6. HP: 48/49 MP: 6/6
  2292 | D:3      | You fall into a shaft and drop 1 floor!
  2319 | D:4      | Reached skill level 5 in Fighting
  2319 | D:4      | Reached skill level 5 in Maces & Flails
  2638 | D:4      | Found a transporter.
  2692 | D:4      | Found Nasha's Jewellery Shoppe.
  2754 | D:4      | Reached XP level 7. HP: 51/56 MP: 7/7
  2872 | D:4      | Identified the +9 spear "Spider's Demise" {venom, Dex+4}
  2882 | D:4      | Found a transporter.
  2886 | D:4      | Noticed soul19's ghost (amateur DsFi)
  2984 | D:5      | Entered Level 5 of the Dungeon
  3011 | D:5      | Found a runed translucent door.
  3115 | D:5      | Reached skill level 6 in Maces & Flails
  3147 | D:5      | Found a staircase to the Ecumenical Temple.
  3179 | Temple   | Entered the Ecumenical Temple
  3257 | Temple   | Became a worshipper of Ru the Awakened
  4485 | D:4      | Reached skill level 7 in Maces & Flails
  4485 | D:4      | Reached XP level 8. HP: 59/64 MP: 8/8
  4691 | D:5      | Noticed Darius099's ghost (novice MiFi)
  5742 | D:6      | Noticed a two-headed ogre
  5769 | D:6      | Killed a two-headed ogre
  5770 | D:6      | Reached skill level 9 in Maces & Flails
  5770 | D:6      | Reached XP level 9. HP: 8/72 MP: 9/9
  6280 | D:6      | Gained mutation: You cannot train Dodging skill. [Ru
                  | sacrifice]
  6280 | D:6      | Reached * piety under Ru
  6879 | D:7      | Found Tisie's Book Shoppe.
  6966 | D:7      | You fall into a shaft and drop 2 floors!
  7224 | D:9      | Reached skill level 10 in Maces & Flails
  8452 | D:6      | Reached XP level 10. HP: 82/82 MP: 10/10
  8795 | D:7      | Reached skill level 11 in Maces & Flails
 10204 | D:7      | Found the +2 ratskin cloak {*Rats rPois rN+ Str-1 Int-1
                  | Dex+1}
 10582 | D:8      | Gained mutation: You cannot study or use magical devices.
                  | [Ru sacrifice]
 10582 | D:8      | Reached ** piety under Ru
 10582 | D:8      | Reached *** piety under Ru
 10582 | D:8      | Reached **** piety under Ru
 11101 | D:8      | Reached skill level 12 in Maces & Flails
 12122 | D:9      | Identified the +2 war axe of Makhleb, Bashing {vamp,
                  | Fragile rF+ rC++ rN+}
 12177 | D:9      | Reached skill level 10 in Fighting
 13102 | D:9      | Noticed a komodo dragon
 13313 | D:9      | Found a staircase to the Lair.
 13616 | D:9      | Reached XP level 11. HP: 76/92 MP: 11/11
 13739 | D:9      | Reached skill level 13 in Maces & Flails
 14086 | D:10     | Entered Level 10 of the Dungeon
 14460 | D:10     | Found a basalt altar of Yredelemnul.
 14570 | D:10     | Found a flagged portal.
 14580 | Bailey   | Entered a bailey
 16066 | Bailey   | Gained mutation: Your casting is slightly disrupted. [Ru
                  | sacrifice]
 16362 | Bailey   | Found an iron altar of Okawaru.
 16362 | Bailey   | Noticed an orc sorcerer
 16412 | Bailey   | Reached skill level 14 in Maces & Flails
 16417 | Bailey   | Killed an orc sorcerer
 17382 | Bailey   | Acquired the +0 pair of boots "Ynio" {Will++ MP-9 Dex+7}
 17482 | D:10     | Found a shadowy altar of Dithmenos.
 17752 | D:10     | Reached XP level 12. HP: 102/102 MP: 3/12
 17911 | D:10     | Found a broken altar of Ashenzari.
 17911 | D:10     | Noticed a two-headed ogre
 17923 | D:10     | Killed a two-headed ogre
 17924 | D:10     | Reached skill level 15 in Maces & Flails
 18252 | D:10     | Found a burning altar of Makhleb.
 18252 | D:10     | Noticed a green death
 18630 | D:11     | Noticed Urug
 18637 | D:11     | Noticed a two-headed ogre
 18989 | D:10     | Killed a two-headed ogre
 18990 | D:10     | Reached skill level 5 in Shields
 19357 | D:11     | Killed Urug
 19476 | D:11     | Noticed Fannar
 19505 | D:11     | Noticed a two-headed ogre
 19521 | D:10     | Killed Fannar
 19522 | D:10     | Killed a two-headed ogre
 19523 | D:10     | Reached skill level 5 in Armour
 19881 | D:11     | Noticed Maurice
 19903 | D:11     | Killed Maurice
 20399 | D:11     | Found a staircase to the Orcish Mines.
 20877 | D:11     | Found Ufoynn's Specific Store.
 20879 | D:11     | Found Bahy's General Store.
 21116 | D:12     | Noticed Nergalle
 21145 | D:12     | Killed Nergalle
 21224 | D:12     | Noticed a two-headed ogre
 21234 | D:12     | Killed a two-headed ogre
 21235 | D:12     | Reached XP level 13. HP: 69/111 MP: 4/13
 22609 | Lair:1   | Entered Level 1 of the Lair of Beasts
 22919 | Lair:1   | Reached skill level 10 in Shields
 24138 | Lair:1   | HP: 5/108 [skyshark (2)]
 24139 | Lair:1   | Slain by a skyshark

Illustrated notes

Levels and vault maps discovered:
D:1:      onia_arrival_zoo_common, layout_basic, ebering_ecumenical_altar_box
D:2:      layout_basic, uniq_terence
D:3:      minmay_door_path, layout_basic, nicolae_eternal_life, fountainhead,
          dreamdust_wishing_well
D:4:      layout_basic, gammafunk_ghost_gnarly_gnolls, minmay_stone_trees_small,
          minmay_misc_feat_hallway, nicolae_stop_n_shop_1
D:5:      layout_cave_pools, minmay_temple_entry_mist,
          ebering_ghost_reflecting_pool
D:6:      layout_basic
D:7:      wander_guarded_unrand_ratskin, layout_loops_ring, serial_shops, shop
D:8:      layout_basic
D:9:      layout_stronghold, david_lair_shrubbed, serial_undead,
          serial_undead_c, serial_undead_f, serial_undead_d, serial_undead_d,
          serial_undead_e, serial_undead_a
D:10:     layout_roguey, makhleb_altar_promises_db,
          nicolae_dithmenos_shadow_blocks, nicolae_ashenzari_skybound,
          yredelemnul_forgotten_temple_becter, enter_bailey_6
D:11:     layout_cross, kennysheep_orc_monster_closet_entryway,
          nicolae_specific_store, dk_noncrumbling_3,
          amcnicky_mini_rare_corridor_liquid, uniq_maurice, uniq_fannar,
          uniq_urug
D:12:     layout_roguey [special_room_orc], roderic_batcave, minivault_23,
          minmay_misc_feat_roman, uniq_nergalle
Temple:   eino_narrow_crystal_temple
Lair:1:   layout_cave_pods, beast_lair_carwin_7
Lair:2:   layout_roguey

Skill      XL: |  1  2  3  4  5  6  7  8  9 10 11 12 13 |
---------------+----------------------------------------+-----
Maces & Flails | 3 4 5 7 9 10 12 14 15 | 15.0
Fighting       | 4 5 6 7 8 10 12 13 14 | 14.5
Armour         | 6 9 |  9.0
Shields        | 7 10 | 10.6

Action                     |  1- 3 |  4- 6 |  7- 9 | 10-12 | 13-15 || total
---------------------------+-------+-------+-------+-------+-------++-------
  Melee: Flail             |    86 |   155 |   321 |   289 |       ||   851
         War axe           |       |       |       |   670 |   330 ||  1000
 Invoke: Sacrifice Nimblen |       |       |     1 |       |       ||     1
         Sacrifice Artific |       |       |       |     1 |       ||     1
         Sacrifice Essence |       |       |       |     1 |       ||     1
         Draw Out Power    |       |       |       |       |     1 ||     1
Ability: Shaft Self        |       |       |     1 |       |       ||     1
  Evoke: Wand              |       |       |     5 |       |       ||     5
    Use: Scroll            |       |       |     6 |     8 |     2 ||    16
         Potion            |       |       |       |     3 |       ||     3
   Stab: Paralysed         |       |       |     7 |       |     2 ||     9
         Distracted        |       |       |     1 |     5 |     6 ||    12
         Invisible         |       |       |       |    13 |       ||    13
 Armour: Scale mail        |    42 |    75 |    61 |       |       ||   178
         Plate armour      |       |       |    88 |   469 |   180 ||   737
  Dodge: Dodged            |    44 |    64 |   115 |   241 |    78 ||   542
  Block: Buckler           |    18 |    46 |    81 |   219 |       ||   364
         Kite shield       |       |       |       |    20 |   221 ||   241

Table legend: (Time is in decaauts)
 A = Elapsed time spent in this place.
 B = Non-inter-level travel time spent in this place.
 C = Inter-level travel time spent in this place.
 D = Time resting spent in this place.
 E = Time spent auto-exploring this place.
 F = Levels seen in this place.
 G = Mean time per level.
                   A        B        C        D        E       F      G
               +--------+--------+--------+--------+--------+-----+--------+
         Total |  24293 |  23573 |    720 |   9318 |   9397 |  16 | 1518.3 |
       Dungeon |  19715 |  19081 |    634 |   7434 |   7858 |  12 | 1642.9 |
        Temple |    189 |    179 |     10 |      0 |    164 |   1 |  189.0 |
          Lair |   1549 |   1474 |     75 |    100 |   1064 |   2 |  774.5 |
        Bailey |   2838 |   2838 |      0 |   1784 |    311 |   1 | 2838.0 |
               +--------+--------+--------+--------+--------+-----+--------+

Top non-repeatable levels by time:
     D:8: 3323 daAuts
  Bailey: 2838 daAuts
    D:10: 2412 daAuts
     D:9: 2197 daAuts
     D:6: 2080 daAuts
    D:11: 1879 daAuts
     D:4: 1498 daAuts
     D:7: 1387 daAuts
  Lair:1: 1372 daAuts
    D:12: 1213 daAuts
     D:1: 1129 daAuts
     D:3: 982 daAuts
     D:5: 904 daAuts
     D:2: 706 daAuts
  Temple: 189 daAuts
